 Dungeon Crawl Stone Soup version 0.24.0-123-gd5b16e6ec5 (webtiles) character file.

Game seed: 2437439045308202130, levelgen mode: deterministic

398 mortelune the Firebug (level 6, -8/36 HPs)
             Began as a Gargoyle Fire Elementalist on Jan 11, 2020.
             Killed by divine providence
             ... invoked by an orc priest
              (14 damage)
             ... on level 4 of the Dungeon.
             The game lasted 00:11:12 (6108 turns).

mortelune the Firebug (Gargoyle Fire Elementalist)  Turns: 6108, Time: 00:11:13

Health: -8/36      AC:  6    Str: 12    XL:     6   Next: 83%
Magic:  8/11       EV: 12    Int: 17    God:
Gold:   238        SH:  0    Dex: 10    Spells: 1/11 levels left

rFire    . . .     SeeInvis .   w - +2 flail (holy)
rCold    . . .     Gourm    .   (no shield)
rNeg     + . .     Faith    .   a - +0 robe
rPois    ∞         Spirit   .   (no helmet)
rElec    +         Reflect  .   (no cloak)
rCorr    .         Harm     .   (no gloves)
MR       .....                  (no boots)
Stlth    ++........             e - amulet of rage
HPRegen  0.12/turn              (no ring)
MPRegen  0.12/turn              (no ring)

@: no status effects
A: negative energy resistance 1, electricity resistance, unbreathing,
petrification resistance, rot immunity, AC +4
a: Evoke Berserk Rage


You were on level 4 of the Dungeon.
You were not hungry.

You visited 1 branch of the dungeon, and saw 4 of its levels.

You collected 238 gold pieces.

Inventory:

Hand Weapons
 g - a +0 club
 k - a +0 short sword
 n - a +0 mace
 w - a +2 flail of holy wrath (weapon)
Armour
 a - a +0 robe (worn)
Jewellery
 e - an amulet of rage (around neck)
 o - an uncursed ring of protection from cold
 s - a +3 ring of dexterity {unknown}
Scrolls
 b - 4 scrolls of identify {unknown}
 l - a scroll of amnesia {unknown}
 p - 2 scrolls of remove curse {unknown}
 q - a scroll of blinking {unknown}
 t - a scroll of enchant weapon {unknown}
Potions
 d - 5 potions of curing {unknown}
 f - a potion of brilliance {unknown}
 h - a potion of haste {unknown}
 i - a potion of mutation {unknown}
 j - 2 potions of degeneration {unknown}
 m - a potion of might {unknown}
 r - a potion of magic {unknown}
 u - a potion of cancellation {unknown}
Comestibles
 c - 6 rations


   Skills:
 + Level 2.6 Fighting
 - Level 1.5 Dodging
 - Level 2.1 Stealth
 * Level 3.3 Spellcasting
 * Level 4.2 Conjurations
 * Level 4.8 Fire Magic


You had one spell level left.
You knew the following spells:

 Your Spells              Type           Power        Failure   Level  Hunger
a - Flame Tongue          Conj/Fire      ###..        2%          1    None
b - Throw Flame           Conj/Fire      ###...       4%          2    ##.....
c - Conjure Flame         Conj/Fire      ###.....     8%          3    ###....
d - Sticky Flame          Conj/Fire      ###.....     26%         4    ####...

Your spell library contained the following spells:

 Spells                   Type           Power        Failure   Level  Hunger
 Inner Flame              Hex/Fire       ##......     19%         3    ###....
 Fireball                 Conj/Fire      ###.......   58%         5    ######.


Dungeon Overview and Level Annotations

Branches:
Dungeon (4/15)
 Temple: D:4-7

Altars:


Innate Abilities, Weirdness & Mutations

You are resistant to torment.
Your stone body is resilient. (AC +4)
You are immune to poison.
You resist negative energy. (rN+)
You are resistant to electric shocks. (rElec)
You can survive without breathing.
You are immune to petrification.
You are immune to rotting.


Message History

Unknown command.
Casting: Throw Flame (safe; 4% risk of failure)
Confirm with . or Enter, or press ? or * to list all spells.
Aiming: Flame Tongue (safe; 2% risk of failure)
Press: ? - help, Shift-Dir - straight line, f/p - orc warrior
Aim: an orc warrior, wielding a +0 halberd and wearing a +0 plate armour The flame tongue hits the orc warrior but does no damage.
Casting: Flame Tongue (safe; 2% risk of failure)
Confirm with . or Enter, or press ? or * to list all spells.
Aiming: Flame Tongue (safe; 2% risk of failure)
Press: ? - help, Shift-Dir - straight line, f/p - orc warrior
Aim: an orc warrior, wielding a +0 halberd and wearing a +0 plate armour The flame tongue hits the orc warrior but does no damage.
The orc warrior hits you from afar with a +0 halberd!!
Ouch! That really hurt!
The orc warrior hits you from afar with a +0 halberd.
* * * LOW HITPOINT WARNING * * *
The orc priest calls down the wrath of Beogh upon you.
Beogh smites you!
You die...

#######.####..#...#######..#
..?...o......#....##......###
##.####.####.#.........#.....
#.##.............####..
##.#####)..>....#.......####..
..........o..#............##..
#########.o.##................
#....##.........)#....
###..@#.........###..#
#.........<....#...#
##..................
#...#.........###...
#...#........##.....
##.#................
##........#...#....
##......##.#......
#.#.......###....


You could see an orc warrior, an orc priest and an orc.

Vanquished Creatures
  A hound (D:4)
  A bullfrog skeleton (D:4)
  3 orc wizards
  A worker ant (D:4)
  12 gnolls
  3 adders
  3 dart slugs
  2 worms
  A leopard gecko (D:1)
  7 orcs
  A ball python (D:1)
  3 giant cockroaches
  8 goblins
  5 hobgoblins
  3 jackals (D:1)
  2 quokkas
  10 bats
  11 frilled lizards
  7 kobolds
  6 rats
90 creatures vanquished.

Notes
Turn   | Place    | Note
-------+----------+-------------------------------------------
     0 | D:1      | mortelune the Gargoyle Fire Elementalist began the quest
                  | for the Orb.
     0 | D:1      | Reached XP level 1. HP: 10/10 MP: 3/3
   314 | D:1      | Reached XP level 2. HP: 13/16 MP: 0/5
   475 | D:1      | Learned a level 2 spell: Throw Flame
  1118 | D:1      | Reached XP level 3. HP: 20/20 MP: 3/6
  1123 | D:1      | Learned a level 3 spell: Conjure Flame
  1259 | D:1      | Reached skill level 1 in Fighting
  2052 | D:2      | Reached XP level 4. HP: 25/25 MP: 4/7
  3124 | D:2      | Reached XP level 5. HP: 30/30 MP: 0/8
  4702 | D:3      | Reached XP level 6. HP: 34/35 MP: 0/10
  5623 | D:4      | Learned a level 4 spell: Sticky Flame
  5693 | D:4      | Noticed an orc warrior
  6108 | D:4      | Killed from afar by an orc priest

Levels and vault maps discovered:
D:1:      matt_arrival_spirals, layout_loops_ring, minmay_misc_feat_diagonals,
          minmay_lizard_king
D:2:      layout_loops_corners
D:3:      layout_loops_cross
D:4:      layout_cave_pools, kennysheep_mini_moat, minmay_misc_feat_doors,
          guppyfry_early_orc_mine

Skill      XL: |  1  2  3  4  5  6 |
---------------+-------------------+-----
Conjurations   | 2 3 4 |  4.2
Fighting       | 1 2 |  2.6
Fire Magic     | 4 |  4.8
Spellcasting   | 3 |  3.3
Dodging        | |  1.5
Stealth        | |  2.1

Action                   |  1- 3 |  4- 6 || total
-------------------------+-------+-------++-------
Melee: Club              |    25 |       ||    25
       Short sword       |     1 |    48 ||    49
       Flail             |       |     2 ||     2
 Cast: Flame Tongue      |    50 |    96 ||   146
       Throw Flame       |    10 |    64 ||    74
       Conjure Flame     |       |     1 ||     1
  Eat: Chunk             |     5 |    17 ||    22
Armor: Robe              |    18 |    30 ||    48
Dodge: Dodged            |    44 |    52 ||    96
